 Dungeon Crawl Stone Soup version 0.16.1-18-g436b03c (webtiles) character file.

221 tesudzi the Insei (level 5, -1/40 HPs)
             Began as a Vampire Chaos Knight on May 7, 2015.
             Slain by an orc wizard
             ... wielding a +2 dagger of electrocution
              (10 damage)
             ... on level 4 of the Dungeon on May 12, 2015.
             The game lasted 00:08:07 (2534 turns).

tesudzi the Insei (Vampire Chaos Knight)            Turns: 2534, Time: 00:08:10

Health: -1/40      AC:  9    Str: 11    XL:     5   Next: 65%
Magic:  5/5        EV: 17    Int: 14    God:    Xom [...*..]
Gold:   153        SH:  0    Dex: 19    Spells: 0 memorised, 4 levels left

rFire  . . .     SeeInvis +       - Unarmed
rCold  . . .     Clarity  .     b - +2 leather armour
rNeg   . . .     SustAb   .     (no shield)
rPois  +         Gourm    .     c - +0 helmet
rElec  .         Spirit   .     (no cloak)
rCorr  .         Warding  .     (no gloves)
rMut   .         Stasis   .     (no boots)
MR     .....                    (no amulet)
Stlth  ++++......               h - ring of poison resistance
                                o - +3 ring of protection

@: agile, regenerating quickly, not resistant to hostile enchantments, stealthy
A: bottle blood, fangs 3, see invisible, unbreathing
a: Renounce Religion


You were on level 4 of the Dungeon.
You worshipped Xom.
You were a favourite toy of Xom.
You were very full.

You visited 1 branch of the dungeon, and saw 4 of its levels.

You collected 153 gold pieces.

Inventory:

Hand weapons
 q - a +2 whip of flaming
Armour
 b - a +2 leather armour (worn)
 c - a +0 helmet (worn)
Jewellery
 h - a ring of poison resistance (right hand)
 k - an uncursed ring of teleportation
 o - a +3 ring of protection (left hand)
Magical devices
 t - a wand of flame (28)
Scrolls
 d - 3 scrolls of magic mapping
 e - 2 scrolls of remove curse
 f - a scroll of amnesia {unknown}
 g - 2 scrolls of immolation
 j - a scroll of fear {unknown}
 n - a scroll of enchant armour {unknown}
 p - a scroll of enchant weapon {unknown}
 r - a scroll of random uselessness {unknown}
 s - a scroll of recharging
Potions
 i - 3 potions of curing
 l - 3 potions of restore abilities
 m - a potion of haste
 u - a potion of brilliance {unknown}
 v - a potion of cure mutation {unknown}


   Skills:
 + Level 2.9 Fighting
 - Level 0.7 Armour
 - Level 2.1 Dodging
 - Level 5.1 Stealth
 + Level 5.7 Unarmed Combat


You had 4 spell levels left.
You didn't know any spells.

Dungeon Overview and Level Annotations

Branches:
Dungeon (4/15)
 Temple: D:4-7

Altars:
Cheibriados
Okawaru
Sif Muna
Trog


Innate Abilities, Weirdness & Mutations

Your natural rate of healing is unusually fast.
You can bottle blood from corpses.
You have razor-sharp teeth.
You have supernaturally acute eyesight.
You can survive without breathing.


Message History

You feel agile all of a sudden. The orc closely misses you.
You barely miss the orc. The orc hits you with a flail.
* * * LOW HITPOINT WARNING * * *
You are too injured to fight recklessly!
You are too injured to fight recklessly!
You barely miss the orc.
Xom does a drum roll.
You are now a favourite toy of Xom.
The orc hits you with a flail.
* * * LOW HITPOINT WARNING * * *
The orc wizard casts a spell.
The orc wizard blinks!
The orc closely misses you.
Xom decides to rearrange the pieces.
You swap places with the orc priest.
The orc priest looks rather confused.
The orc misses you.
The orc wizard hits you but does no damage.
You are electrocuted!
You die...
Xom chuckles heartily!

#. #o ## ##.######.
##........ #.....#..#
#.....#..# #...†.#..#
#.....#.@#### #...%..oo...#
##.........)# ###### #
##.#.#.###.######.#.. .. #
#.#....##.o......#.#### ####
######.#.#....>.#######.##..
...# #......#.#.###..##
#.##.# ##.#
#.####...........# #.##..
##.###.####.#........)#
#....#


You could see an orc priest (confused), an orc wizard and an orc.

Vanquished Creatures
  A scorpion (D:4)
  An orc priest (D:4)
  4 adders
  A worm zombie (D:3)
  A shadow imp (D:3)
  3 worms
  An adder skeleton (D:4)
  2 giant geckos (D:2)
  An ooze (D:3)
  An orc (D:2)
  A bat skeleton (D:4)
  8 hobgoblins
  7 jackals
  8 kobolds
  2 quokkas
  4 ball pythons
  7 bats
  7 giant newts
  3 goblins
  9 rats
72 creatures vanquished.

Notes
Turn   | Place    | Note
--------------------------------------------------------------
     0 | D:1      | tesudzi, the Vampire Chaos Knight, began the quest for the Orb.
     0 | D:1      | Reached XP level 1. HP: 17/17 MP: 1/1
   538 | D:1      | XOM: silly message
   602 | D:2      | Reached skill level 4 in Unarmed Combat
   602 | D:2      | Reached XP level 2. HP: 23/23 MP: 2/2
   822 | D:2      | XOM: silly message
   856 | D:2      | Reached XP level 3. HP: 17/28 MP: 3/3
   906 | D:2      | XOM: harmless Chrm miscast
   930 | D:2      | Reached skill level 5 in Unarmed Combat
   972 | D:2      | Found a snail-covered altar of Cheibriados.
  1054 | D:2      | XOM: mild Trmt miscast
  1101 | D:2      | Found a bloodstained altar of Trog.
  1166 | D:2      | XOM: silly message
  1169 | D:2      | Found a deep blue altar of Sif Muna.
  1229 | D:2      | Reached XP level 4. HP: 34/34 MP: 4/4
  1596 | D:2      | XOM: divination: detect creatures
  1751 | D:3      | Found an iron altar of Okawaru.
  1757 | D:3      | Reached skill level 1 in Stealth
  1847 | D:3      | XOM: divination: magic mapping
  1853 | D:3      | XOM: harmless Necr miscast
  1878 | D:3      | XOM: divination: magic mapping
  2092 | D:3      | Reached XP level 5. HP: 29/39 MP: 5/5
  2321 | D:3      | XOM is BORED!
  2321 | D:3      | XOM: silly message
  2361 | D:4      | XOM: harmless Trmt miscast
  2390 | D:4      | Reached skill level 5 in Stealth
  2519 | D:4      | XOM: harmless Fire miscast
  2527 | D:4      | XOM: potion effect (agility)
  2529 | D:4      | XOM: noise
  2534 | D:4      | XOM: swap monsters
  2534 | D:4      | Slain by an orc wizard

Action                   |  1- 3 |  4- 6 || total
-------------------------+-------+-------++-------
Melee: Unarmed           |   124 |   160 ||   284
  Use: Scroll            |     3 |     4 ||     7
  Eat: Corpse            |    12 |     6 ||    18
